| TOP OF THE 1ST |
|
Kansas City Royals batting - Pitching for Detroit Tigers : RHP Constantino Chamisso
|
|
Pitching: RHP Constantino Chamisso
|
|
|
Batting: SHB Tony Prado
|
0-0: Swinging Strike 0-1: Ball 1-1: Ball 2-1: Foul Ball, location: 2F 2-2: Strikes out swinging
|
|
Batting: RHB Imbart Faber
|
0-0: Called Strike 0-1: Swinging Strike 0-2: Ball 1-2: Strikes out swinging
|
|
Batting: LHB Mike Meyerhoff
|
0-0: Foul Ball, location: 2F 0-1: Ball 1-1: Called Strike 1-2: Strikes out swinging
|
| Top of the 1st over - 0 runs, 0 hits, 0 errors, 0 left on base; Kansas City 0 - Detroit 0 |
| BOTTOM OF THE 1ST |
|
Detroit Tigers batting - Pitching for Kansas City Royals : RHP Bryan Boykin
|
|
Pitching: RHP Bryan Boykin
|
|
|
Batting: RHB Adrian Novakovic
|
0-0: Ball 1-0: Ball 2-0: Ground out 5-3 (Groundball, 56, EV 85.6 MPH)
|
|
Batting: SHB Ross Holland
|
0-0: Swinging Strike 0-1: Foul Ball, location: 2F 0-2: Ball 1-2: Strikes out swinging, 2-3 out at first.
|
|
Batting: RHB Victor Quinones
|
0-0: Ball 1-0: Called Strike 1-1: Ball 2-1: Ball 3-1: Foul Ball, location: 2F 3-2: Strikes out swinging
|
| Bottom of the 1st over - 0 runs, 0 hits, 0 errors, 0 left on base; Kansas City 0 - Detroit 0 |
| TOP OF THE 2ND |
|
Kansas City Royals batting - Pitching for Detroit Tigers : RHP Constantino Chamisso
|
|
Batting: RHB Mike Jaquez
|
0-0: Ball 1-0: Called Strike 1-1: Ball 2-1: Ball 3-1: SOLO HOME RUN (Flyball, 7LD, EV 98.1 MPH), Distance : 382 ft
|
|
Batting: SHB Gil Switzer
|
0-0: Called Strike 0-1: Called Strike 0-2: Ball 1-2: Reached on error, E4 (Groundball, 4, EV 105.6 MPH)
|
|
Batting: RHB Bob Najar
|
0-0: Ball 1-0: Foul Ball, location: 2F 1-1: Foul Ball, location: 2F 1-2: Ball 2-2: Strikes out swinging
|
|
Batting: LHB Manny Estrada
|
0-0: Called Strike 0-1: Ball 1-1: Ball 2-1: Grounds out, U3 (Groundball, 3L, EV 108.1 MPH)
|
|
Batting: RHB Mikolas Markus
|
0-0: Ball 1-0: Called Strike 1-1: Ball 2-1: Swinging Strike 2-2: Strikes out swinging
|
| Top of the 2nd over - 1 run, 1 hit, 1 error, 1 left on base; Kansas City 1 - Detroit 0 |
| BOTTOM OF THE 2ND |
|
Detroit Tigers batting - Pitching for Kansas City Royals : RHP Bryan Boykin
|
|
Batting: RHB Ryan Neal
|
0-0: Ball 1-0: Ball 2-0: Called Strike 2-1: SINGLE (Flyball, 8RS, EV 97.5 MPH)
|
|
Batting: RHB Jim Zucco
|
0-0: Called Strike 0-1: Ball 1-1: Fly out, F8 (Flyball, 8LD, EV 101.2 MPH)
|
|
Batting: LHB Emmanuel Gaskin
|
0-0: Called Strike 0-1: Fly out, F5 (Popup, 6, EV 60.6 MPH)
|
|
Batting: RHB Greg Harman
|
0-0: Foul Ball, location: 2F 0-1: Ball 1-1: Ball 2-1: Ball 3-1: Base on Balls Ryan Neal to second
|
|
Batting: LHB Conrad Taylor
|
0-0: Called Strike 0-1: Ball 1-1: Foul Ball, location: 2F 1-2: Strikes out looking
|
| Bottom of the 2nd over - 0 runs, 1 hit, 0 errors, 2 left on base; Kansas City 1 - Detroit 0 |
| TOP OF THE 3RD |
|
Kansas City Royals batting - Pitching for Detroit Tigers : RHP Constantino Chamisso
|
|
Batting: RHB Aaron Matthews
|
0-0: Called Strike 0-1: Ball 1-1: SOLO HOME RUN (Flyball, 7D, EV 106.9 MPH), Distance : 385 ft
|
|
Batting: SHB Tony Prado
|
0-0: Called Strike 0-1: Ball 1-1: Ball 2-1: Swinging Strike 2-2: Ball 3-2: Foul Ball, location: 2F 3-2: Ground out 5-3 (Groundball, 56, EV 101.2 MPH)
|
|
Batting: RHB Imbart Faber
|
0-0: Swinging Strike 0-1: Fly out, F8 (Flyball, 8RD, EV 96.9 MPH)
|
|
Batting: LHB Mike Meyerhoff
|
0-0: Ball 1-0: Foul Ball, location: 2F 1-1: Ground out 4-3 (Groundball, 4, EV 108.8 MPH)
|
| Top of the 3rd over - 1 run, 1 hit, 0 errors, 0 left on base; Kansas City 2 - Detroit 0 |
| BOTTOM OF THE 3RD |
|
Detroit Tigers batting - Pitching for Kansas City Royals : RHP Bryan Boykin
|
|
Batting: RHB Dave Reynolds
|
0-0: Foul Ball, location: 2F 0-1: Fly out, F4 (Popup, 4D, EV 60.6 MPH)
|
|
Batting: RHB Adrian Novakovic
|
0-0: Ball 1-0: Fly out, F6 (Line Drive, 6, EV 109.4 MPH)
|
|
Batting: SHB Ross Holland
|
0-0: Foul Ball, location: 2F 0-1: Ball 1-1: Foul Ball, location: 2F 1-2: Strikes out looking
|
| Bottom of the 3rd over - 0 runs, 0 hits, 0 errors, 0 left on base; Kansas City 2 - Detroit 0 |
| TOP OF THE 4TH |
|
Kansas City Royals batting - Pitching for Detroit Tigers : RHP Constantino Chamisso
|
|
Batting: RHB Mike Jaquez
|
0-0: Called Strike 0-1: Ball 1-1: Ball 2-1: Called Strike 2-2: Strikes out swinging
|
|
Batting: SHB Gil Switzer
|
0-0: Ball 1-0: Ground out 1-3 (Groundball, 13S, EV 70.6 MPH)
|
|
Batting: RHB Bob Najar
|
0-0: Ball 1-0: Ball 2-0: Foul Ball, location: 2F 2-1: Called Strike 2-2: Ground out 6-3 (Groundball, 6, EV 86.9 MPH)
|
| Top of the 4th over - 0 runs, 0 hits, 0 errors, 0 left on base; Kansas City 2 - Detroit 0 |
| BOTTOM OF THE 4TH |
|
Detroit Tigers batting - Pitching for Kansas City Royals : RHP Bryan Boykin
|
|
Batting: RHB Victor Quinones
|
0-0: Ball 1-0: Foul Ball, location: 2F 1-1: Foul Ball, location: 2F 1-2: Ball 2-2: Ball 3-2: Strikes out swinging
|
|
Batting: RHB Ryan Neal
|
0-0: Ball 1-0: Ground out 5-3 (Groundball, 56S, EV 80.0 MPH)
|
|
Batting: RHB Jim Zucco
|
0-0: Ball 1-0: Ground out 6-3 (Groundball, 56, EV 109.4 MPH)
|
| Bottom of the 4th over - 0 runs, 0 hits, 0 errors, 0 left on base; Kansas City 2 - Detroit 0 |
| TOP OF THE 5TH |
|
Kansas City Royals batting - Pitching for Detroit Tigers : RHP Constantino Chamisso
|
|
Batting: LHB Manny Estrada
|
0-0: Ball 1-0: Foul Ball, location: 2F 1-1: Called Strike 1-2: Foul Ball, location: 2F 1-2: Ground out 3-1 (Groundball, 34, EV 101.9 MPH)
|
|
Batting: RHB Mikolas Markus
|
0-0: Ball 1-0: SINGLE (Line Drive, 9S, EV 86.2 MPH)
|
|
Batting: RHB Aaron Matthews
|
0-0: Ball 1-0: Foul Ball, location: 2F 1-1: Fly out, F8 (Flyball, 8LD, EV 105.6 MPH)
|
|
Batting: SHB Tony Prado
|
0-0: Ball 1-0: Called Strike 1-1: Foul Ball, location: 2F 1-2: Ball 2-2: Strikes out looking
|
| Top of the 5th over - 0 runs, 1 hit, 0 errors, 1 left on base; Kansas City 2 - Detroit 0 |
| BOTTOM OF THE 5TH |
|
Detroit Tigers batting - Pitching for Kansas City Royals : RHP Bryan Boykin
|
|
Batting: LHB Emmanuel Gaskin
|
0-0: Ball 1-0: Ball 2-0: Ball 3-0: Base on Balls
|
|
Batting: RHB Greg Harman
|
0-0: Called Strike 0-1: Ball 1-1: Called Strike 1-2: Ball 2-2: SINGLE (Line Drive, 89S, EV 111.2 MPH) Emmanuel Gaskin to second Runner from 2nd tries for 3rd, SAFE, throw by CF made to third
|
|
Batting: LHB Conrad Taylor
|
0-0: Ball Passed Ball! Emmanuel Gaskin scores Greg Harman to second 1-0: Ball 2-0: Called Strike 2-1: Ball 3-1: Base on Balls
|
|
Batting: RHB Dave Reynolds
|
0-0: Ball 1-0: Swinging Strike 1-1: Swinging Strike 1-2: Foul Ball, location: 2F 1-2: Ball 2-2: Ball 3-2: Base on Balls Greg Harman to third Conrad Taylor to second
|
|
Batting: RHB Adrian Novakovic
|
0-0: Fly out, F8 (Flyball, 8RD, EV 88.8 MPH) Runner from 3rd tags up, SCORES, throw by CF
|
|
Now in LF: Zion Davidson
|
|
|
Now in CF: Tony Prado
|
|
|
Batting: SHB Ross Holland
|
0-0: Called Strike 0-1: Swinging Strike 0-2: SINGLE (Line Drive, 34D, EV 94.4 MPH) Conrad Taylor to third Dave Reynolds to second
|
|
Batting: RHB Victor Quinones
|
0-0: Fly out, F7 (Flyball, 7, EV 90.0 MPH) Lined into DP, 7-4 (Flyball, 7, EV 90.0 MPH)
|
| Bottom of the 5th over - 2 runs, 2 hits, 0 errors, 2 left on base; Kansas City 2 - Detroit 2 |
| TOP OF THE 6TH |
|
Kansas City Royals batting - Pitching for Detroit Tigers : RHP Constantino Chamisso
|
|
Batting: RHB Imbart Faber
|
0-0: Ball 1-0: Ground out 1-3 (Groundball, 34S, EV 71.9 MPH)
|
|
Batting: LHB Mike Meyerhoff
|
0-0: DOUBLE (Groundball, 3L, EV 106.2 MPH)
|
|
Batting: RHB Mike Jaquez
|
0-0: Intentional Walk
|
|
Batting: SHB Gil Switzer
|
0-0: Ball 1-0: Ball 2-0: Ball 3-0: Called Strike 3-1: Base on Balls Mike Meyerhoff to third Mike Jaquez to second
|
|
Batting: LHB Zion Davidson
|
0-0: Called Strike 0-1: Swinging Strike 0-2: GRAND SLAM HOME RUN (Flyball, 9LD, EV 98.8 MPH), Distance : 379 ft
|
|
Pitching: RHP Ruben Arana
|
|
|
Batting: LHB Manny Estrada
|
0-0: SOLO HOME RUN (Flyball, 89XD, EV 105.0 MPH), Distance : 432 ft
|
|
Batting: RHB Mikolas Markus
|
0-0: Fly out, F9 (Line Drive, 9, EV 105.0 MPH)
|
|
Batting: RHB Aaron Matthews
|
0-0: Ball 1-0: Foul Ball, location: 2F 1-1: Ball 2-1: Foul Ball, location: 2F 2-2: Ground out 6-3 (Groundball, 6, EV 83.1 MPH)
|
| Top of the 6th over - 5 runs, 3 hits, 0 errors, 0 left on base; Kansas City 7 - Detroit 2 |
| BOTTOM OF THE 6TH |
|
Detroit Tigers batting - Pitching for Kansas City Royals : RHP Bryan Boykin
|
|
Batting: RHB Ryan Neal
|
0-0: Called Strike 0-1: Called Strike 0-2: Ball 1-2: Foul Ball, location: 2F 1-2: Ball 2-2: Strikes out looking
|
|
Batting: RHB Jim Zucco
|
0-0: Fly out, F9 (Flyball, 9D, EV 91.9 MPH)
|
|
Batting: LHB Emmanuel Gaskin
|
0-0: Called Strike 0-1: Ball 1-1: TRIPLE (Flyball, 89XD, EV 93.1 MPH)
|
|
Batting: RHB Greg Harman
|
0-0: Foul Ball, location: 2F 0-1: Ball 1-1: Hit by Pitch
|
|
Batting: LHB Conrad Taylor
|
0-0: Ball 1-0: Swinging Strike 1-1: Ball 2-1: Swinging Strike 2-2: Strikes out looking
|
| Bottom of the 6th over - 0 runs, 1 hit, 0 errors, 2 left on base; Kansas City 7 - Detroit 2 |
| TOP OF THE 7TH |
|
Kansas City Royals batting - Pitching for Detroit Tigers : RHP Ruben Arana
|
|
Batting: SHB Tony Prado
|
0-0: Called Strike 0-1: Foul Ball, location: 2F 0-2: Foul Ball, location: 2F 0-2: Foul Ball, location: 2F 0-2: Ball 1-2: Foul Ball, location: 2F 1-2: Ball 2-2: Strikes out swinging
|
|
Batting: RHB Imbart Faber
|
0-0: Called Strike 0-1: Fly out, F9 (Line Drive, 89M, EV 95.0 MPH)
|
|
Batting: LHB Mike Meyerhoff
|
0-0: Swinging Strike 0-1: Foul Ball, location: 2F 0-2: Ball 1-2: Strikes out swinging
|
| Top of the 7th over - 0 runs, 0 hits, 0 errors, 0 left on base; Kansas City 7 - Detroit 2 |
| BOTTOM OF THE 7TH |
|
Detroit Tigers batting - Pitching for Kansas City Royals : RHP Bryan Boykin
|
|
Batting: RHB Dave Reynolds
|
0-0: Ball 1-0: Ball 2-0: Called Strike 2-1: Foul Ball, location: 2F 2-2: Foul Ball, location: 2F 2-2: Ground out 5-3 (Groundball, 56S, EV 89.4 MPH)
|
|
Batting: RHB Adrian Novakovic
|
0-0: Ball 1-0: Called Strike 1-1: Swinging Strike 1-2: Strikes out looking
|
|
Batting: SHB Ross Holland
|
0-0: Called Strike 0-1: Called Strike 0-2: SOLO HOME RUN (Flyball, 9D, EV 94.4 MPH), Distance : 372 ft
|
|
Batting: RHB Victor Quinones
|
0-0: SINGLE (Groundball, 6MD, EV 97.5 MPH)
|
|
Pitching: RHP Josh Moncada
|
|
|
Batting: RHB Ryan Neal
|
0-0: Ball 1-0: Foul Ball, location: 2F 1-1: Ball 2-1: Ball 3-1: Foul Ball, location: 2F 3-2: Fly out, F7 (Flyball, 78D, EV 88.1 MPH)
|
| Bottom of the 7th over - 1 run, 2 hits, 0 errors, 1 left on base; Kansas City 7 - Detroit 3 |
| TOP OF THE 8TH |
|
Kansas City Royals batting - Pitching for Detroit Tigers : RHP Ruben Arana
|
|
Batting: RHB Mike Jaquez
|
0-0: Foul Ball, location: 2F 0-1: Swinging Strike 0-2: Ball 1-2: Foul Ball, location: 2F 1-2: Ball 2-2: Strikes out looking
|
|
Batting: SHB Gil Switzer
|
0-0: Ball 1-0: Foul Ball, location: 2F 1-1: Called Strike 1-2: Ball 2-2: Strikes out swinging
|
|
Batting: LHB Zion Davidson
|
0-0: Foul Ball, location: 2F 0-1: Ground out 6-3 (Groundball, 6MD, EV 81.9 MPH)
|
| Top of the 8th over - 0 runs, 0 hits, 0 errors, 0 left on base; Kansas City 7 - Detroit 3 |
| BOTTOM OF THE 8TH |
|
Detroit Tigers batting - Pitching for Kansas City Royals : RHP Josh Moncada
|
|
Batting: RHB Jim Zucco
|
0-0: Ball 1-0: Called Strike 1-1: Called Strike 1-2: SINGLE (Line Drive, 5D, EV 98.1 MPH)
|
|
Batting: LHB Emmanuel Gaskin
|
0-0: Foul Ball, location: 2F 0-1: Foul Ball, location: 2F 0-2: Fly out, F7 (Flyball, 7LSF, EV 97.5 MPH)
|
|
Batting: RHB Greg Harman
|
0-0: Ball 1-0: Fly out, F8 (Flyball, 78M, EV 83.1 MPH)
|
|
Batting: LHB Conrad Taylor
|
0-0: Ball 1-0: Swinging Strike 1-1: Ball 2-1: SINGLE (Line Drive, 7LS, EV 97.5 MPH) Jim Zucco to second Runner from 2nd tries for 3rd, SAFE, throw by LF made to third
|
|
Batting: RHB Dave Reynolds
|
0-0: Swinging Strike 0-1: Ball 1-1: SINGLE (Groundball, 6M, EV 105.0 MPH) (infield hit) Jim Zucco scores Conrad Taylor to second
|
|
Batting: RHB Adrian Novakovic
|
0-0: Ball 1-0: Called Strike 1-1: Ground out 1-3 (Groundball, 13, EV 62.5 MPH)
|
| Bottom of the 8th over - 1 run, 3 hits, 0 errors, 2 left on base; Kansas City 7 - Detroit 4 |
| TOP OF THE 9TH |
|
Kansas City Royals batting - Pitching for Detroit Tigers : RHP Ruben Arana
|
|
Pitching: RHP Melvin Medellin
|
|
|
Batting: LHB Manny Estrada
|
0-0: Ball 1-0: Called Strike 1-1: Ball 2-1: Ball 3-1: Base on Balls
|
|
Batting: RHB Mikolas Markus
|
0-0: Ball 1-0: Bunted foul 1-1: Ball 2-1: Ball 3-1: Sac Bunt to 25 - play at second, runner OUT! 5-6
|
|
Batting: RHB Aaron Matthews
|
0-0: Called Strike 0-1: Ball 1-1: Ball 2-1: Ball 3-1: Base on Balls Mikolas Markus to second
|
|
Batting: SHB Tony Prado
|
0-0: Swinging Strike 0-1: Foul Ball, location: 2F 0-2: Ball 1-2: Strikes out swinging
|
|
Batting: RHB Imbart Faber
|
0-0: Ball 1-0: Called Strike 1-1: DOUBLE (Flyball, 8RXD, EV 100.6 MPH) Mikolas Markus scores Aaron Matthews to third Runner from 3rd tries for Home, SAFE, no throw by CF
|
|
Batting: LHB Mike Meyerhoff
|
0-0: Ball 1-0: Foul Ball, location: 2F 1-1: Foul Ball, location: 2F 1-2: Foul Ball, location: 2F 1-2: Hit by Pitch
|
|
Pitching: RHP Franz Holzknecht
|
|
|
Batting: RHB Mike Jaquez
|
0-0: 3-RUN HOME RUN (Flyball, 7D, EV 98.1 MPH), Distance : 398 ft
|
|
Batting: SHB Gil Switzer
|
0-0: Foul Ball, location: 2F 0-1: Foul Ball, location: 2F 0-2: Foul Ball, location: 2F 0-2: Ground out 4-3 (Groundball, 4, EV 85.6 MPH)
|
| Top of the 9th over - 5 runs, 2 hits, 0 errors, 0 left on base; Kansas City 12 - Detroit 4 |
| BOTTOM OF THE 9TH |
|
Detroit Tigers batting - Pitching for Kansas City Royals : RHP Josh Moncada
|
|
Pinch Hitting: RHB Orlando Suarez
|
0-0: Swinging Strike 0-1: SINGLE (Line Drive, 5D, EV 94.4 MPH)
|
|
Batting: RHB Victor Quinones
|
0-0: Ball 1-0: Swinging Strike 1-1: Swinging Strike 1-2: Foul Ball, location: 2F 1-2: SINGLE (Line Drive, 78S, EV 86.9 MPH) Orlando Suarez to second
|
|
Batting: RHB Ryan Neal
|
0-0: Called Strike 0-1: Called Strike 0-2: Ball 1-2: Ball 2-2: Foul Ball, location: 2F 2-2: Foul Ball, location: 2F 2-2: Grounds into double play, 6-4-3 (Groundball, 6, EV 81.9 MPH) Orlando Suarez to third
|
|
Batting: RHB Jim Zucco
|
0-0: Ball 1-0: Ball 2-0: Ball 3-0: Ground out 6-3 (Groundball, 6M, EV 83.1 MPH)
|
| Bottom of the 9th over - 0 runs, 2 hits, 0 errors, 1 left on base; Kansas City 12 - Detroit 4 |
|